 Dungeon Crawl Stone Soup version 0.22-a0-268-g1cc83ef (webtiles) character file.

7 4thArraOfDagon the Digger (level 2, -4/19 HPs)
             Began as a Barachi Earth Elementalist on Mar 9, 2018.
             Slain by a hobgoblin (5 damage)
             ... on level 2 of the Dungeon.
             The game lasted 00:02:09 (300 turns).

4thArraOfDagon the Digger (BaEE)                     Turns: 300, Time: 00:02:09

Health: -4/19      AC:  2    Str:  9    XL:     2   Next: 4%
Magic:  0/5        EV: 12    Int: 15    God:
Gold:   31         SH:  0    Dex: 12    Spells: 4/5 levels left

rFire    . . .     SeeInvis .   f - +3 mace
rCold    . . .     Gourm    .   (no shield)
rNeg     + . .     Faith    .   c - +0 robe
rPois    .         Spirit   .   (no helmet)
rElec    .         Reflect  .   (no cloak)
rCorr    .         Harm     .   (no gloves)
MR       .....                  (no boots)
Stlth    ++........             (no amulet)
HPRegen  0.06/turn              a - ring of positive energy
MPRegen  0.09/turn              (no ring)

@: very slightly contaminated, slow
A: +LOS, swims, slowness 1, strong legs 1
a: Hop


You were on level 2 of the Dungeon.
You were not hungry.

You visited 1 branch of the dungeon, and saw 2 of its levels.

You collected 31 gold pieces.

Inventory:

Hand Weapons
 f - a +3 mace (weapon)
Missiles
 b - 40 stones (quivered)
Armour
 c - a +0 robe (worn)
Jewellery
 a - a ring of positive energy (left hand)
Scrolls
 e - 2 scrolls of teleportation {unknown}
 h - 2 scrolls of identify {unknown}
Potions
 g - 2 potions of brilliance {unknown}
Comestibles
 d - 4 rations


   Skills:
 - Level 2.1 Dodging
 - Level 1.7 Stealth
 + Level 2.4 Spellcasting
   Level 1.1 Transmutations
 * Level 3.3 Earth Magic


You had 4 spell levels left.
You knew the following spells:

 Your Spells              Type           Power        Failure   Level  Hunger
a - Sandblast             Erth           ##....       5%          1    #......


Dungeon Overview and Level Annotations

Branches:
Dungeon (2/15)

Altars:
Uskayaw


Innate Abilities, Weirdness & Mutations

Shadows flee at your approach. (+LOS)
You can swim through water.
You cover ground slowly.
You can hop short distances.


Message History

The kobold hits you with a whip.
Unknown command.
Hop to where?
Press: ? - help, Dir - move target cursor, f - you, p - hobgoblin
Okay, then.
Casting: Sandblast (safe; 5% risk of failure)
Confirm with . or Enter, or press ? or * to list all spells.
Aiming: Sandblast (safe; 5% risk of failure)
Press: ? - help, Shift-Dir - straight line, f/p - hobgoblin
Aim: a hobgoblin (severely wounded)
The blast of sand hits the kobold.
You kill the kobold!
You have reached level 2!
b - 40 stones You closely miss the hobgoblin.
The hobgoblin is severely wounded.
The hobgoblin hits you.
* * * LOW HITPOINT WARNING * * *
The hobgoblin hits you.
You die...

##......# ##...#.#
##.##.# #.##.#
##########.##.#
#..........##)#
#.###########.#
.#########..<†.<.# #.#
........g@.#####.# #.#
8.......8..#
#.#####.###
..........##
#.#........
8.......8.#
#.#†###.###
...!)%....# #.#.###.#
8..._...8.# #.#.....#
...###....#
#.#.....### #..
....########..........
#.
...................###


You could see a hobgoblin.

Vanquished Creatures
  A worm (D:2)
  A quokka (D:2)
  3 kobolds (D:2)
5 creatures vanquished.

Notes
Turn   | Place    | Note
-------+----------+-------------------------------------------
     0 | D:1      | 4thArraOfDagon the Barachi Earth Elementalist began the quest for the Orb.
     0 | D:1      | Reached XP level 1. HP: 13/13 MP: 3/3
   161 | D:2      | Found a hide-covered altar of Uskayaw.
   299 | D:2      | Reached XP level 2. HP: 5/19 MP: 0/5
   300 | D:2      | Slain by a hobgoblin

Vault maps used:
D:1:      dpeg_arrival_windows_large_door, minmay_misc_feat_more_columns
D:2:      tso_altar, eat_drink_and_be_merry_uskayaw, first_ration,
          chequers_ecumenical_altar_island, minmay_strange_pillars,
          nicolae_dithmenos_shadow_blocks

Action                   || total
-------------------------++-------
Melee: Mace              ||    10
 Cast: Sandblast         ||     8
Dodge: Dodged            ||     8

Table legend:
 A = Spawn XP
 B = Non-spawn XP
 C = Spawn XP percentage of total XP
 D = Spawn monster count
 E = Non-spawn monster count
 F = Spawn count percentage of total count
 G = Total turns spent on level
                    A         B        C        D         E        F      G
               +---------+---------+-------+---------+---------+-------+---------
         Total |       0 |      11 |   0.0 |       0 |       5 |   0.0 |   300
               +---------+---------+-------+---------+---------+-------+---------
           D:2 |       0 |      11 |   0.0 |       0 |       5 |   0.0 |   134
               +---------+---------+-------+---------+---------+-------+---------
